 Dungeon Crawl Stone Soup version 0.29.1-1-gd02db6906a (webtiles) character file.

Game seed: 1360988609171287673

44 xian the Conjurer (level 3, 0/21 HPs)
             Began as an Octopode Conjurer on Oct 22, 2022.
             Was a Plaything of Xom.
             Slain by Sigmund
             ... wielding a +3 scythe of freezing
              (16 damage)
             ... on level 2 of the Dungeon.
             The game lasted 00:04:02 (2107 turns).

xian the Conjurer (Octopode Conjurer)               Turns: 2107, Time: 00:04:03

Health: 0/21       AC:  1    Str:  6      XL:     3   Next: 62%
Magic:  1/6        EV: 13    Int: 21 (22) God:    Xom [...*..]
Gold:   32         SH:  0    Dex: 10      Spells: 3/6 levels left

rFire   . . .      SeeInvis .   c - +3 dagger
rCold   . . .      Faith    .   (no shield)
rNeg    . . .      Spirit   .   (helmet restricted)
rPois   .          Reflect  .   (no amulet)
rElec   .          Harm     .   (no ring)
rCorr   .          Rampage  .   (no ring)
Will    .....                   (no ring)
Stlth   +++.......              (no ring)
HPRegen 0.07/turn               (no ring)
MPRegen 0.10/turn               (no ring)
                                (no ring)
                                (no ring)

@: no status effects
A: almost no armour, amphibious, 8 rings, camouflage 1, gelatinous body 1,
(nimble swimmer 1), tentacles
a: Renounce Religion


You were on level 2 of the Dungeon.
You worshipped Xom.
You were a favourite toy of Xom.
You visited 1 branch of the dungeon, and saw 2 of its levels.

You collected 32 gold pieces.

Inventory:

Hand Weapons
 b - a +0 arbalest
 c - a +3 dagger (weapon)
Scrolls
 e - 2 scrolls of enchant armour
 g - a scroll of enchant weapon
 i - 3 scrolls of fear {unknown}
Potions
 a - a potion of magic
 d - a potion of degeneration {unknown}
 f - a potion of curing
 h - a potion of heal wounds


   Skills:
 + Level 2.2 Dodging
 + Level 2.8 Stealth
 + Level 2.3 Spellcasting
 + Level 4.9 Conjurations


You had 3 spell levels left.
You knew the following spells:

 Your Spells              Type           Power      Damage    Failure   Level
a - Magic Dart            Conj           92%        1d7       1%          1
b - Searing Ray           Conj           46%        2d6       2%          2

Your spell library contained the following spells:

 Spells                   Type           Power      Damage    Failure   Level
 Dazzling Flash           Conj/Hex       24%        N/A       16%         3
 Blink                    Tloc           4%         N/A       22%         2
 Fulminant Prism          Conj/Hex       6%         3d7       45%         4
 Iskenderun's Mystic Bla  Conj/Tloc      12%        2d5       45%         4
 Manifold Assault         Tloc           2%         N/A       99%         5
 Storm Form               Tmut/Air       1%         N/A       100%        7


Dungeon Overview and Level Annotations

Branches:
Dungeon (2/15)

Altars:
Xom

Annotations:
D:2 Sigmund


Innate Abilities, Weirdness & Mutations

You cannot wear most types of armour.
You are amphibious.
You can wear up to eight rings at the same time.
Your skin changes colour to match your surroundings (Stealth+).
Your rubbery body absorbs attacks. (AC +1, EV +1)
((You are camouflaged when in or above water. (Stealth+)))
You have tentacles for arms and can constrict up to eight enemies at once.


Message History

The searing ray hits the quokka.
The quokka is almost dead.
The searing ray hits the worm.
The worm is moderately wounded.
The searing ray hits Sigmund!
Sigmund is heavily wounded. (Press . to maintain the ray.)
The quokka bites you.
The searing ray hits the quokka.
You kill the quokka!
The searing ray hits the worm.
The worm is moderately wounded.
Unknown command.
The searing ray hits the worm.
The worm is heavily wounded.
The searing ray hits Sigmund.
Sigmund is severely wounded.
Sigmund closely misses you.
Unknown command.
The searing ray hits the worm!
The worm is almost dead.
The searing ray hits Sigmund.
Sigmund is severely wounded.
You finish channelling your searing ray.
The worm bites you.
Unknown command.
Casting: Searing Ray (safe; 3% risk of failure)
Confirm with . or Enter, or press ? or * to list all spells.
Okay, then.
You hit the worm.
You kill the worm!
Sigmund barely misses you.
Sigmund points at you and mumbles some strange words.
The puff of flame misses you.
You closely miss Sigmund. You grab Sigmund.
Sigmund is severely wounded.
You constrict Sigmund, but do no damage.
Sigmund hits you with a +3 scythe of freezing!
Ouch! That really hurt!
You die...

#.#...........#
#...........#..
###...........# .
###.....#...### .? ##
#..†.[..#...... ##.###.
....##....#..#... .......
#### #....##..#..
..)....### ##....##..#..
.......@@####............
.......#†55..............
.......######.).......>#.
....... #..........#>
....).. #..........#.
..$.... #............
....... #######.#.##.
####.## .# #. ##.


You could see Sigmund (ally target), a friendly white imp (summoned) and a
friendly ufetubus (summoned).

Vanquished Creatures
  2 worms (D:2)
  3 endoplasms
  A giant cockroach (D:1)
  2 hobgoblins
  4 kobolds
  2 quokkas (D:2)
  4 ball pythons
  5 bats
  2 frilled lizards
  5 goblins (D:1)
  10 rats
40 creatures vanquished.

Vanquished Creatures (others)
  A plant (D:2)
1 creature vanquished.

Grand Total: 41 creatures vanquished

Notes
Turn   | Place    | Note
-------+----------+-------------------------------------------
     0 | D:1      | xian the Octopode Conjurer began the quest for the Orb.
     0 | D:1      | Reached XP level 1. HP: 11/11 MP: 3/3
   114 | D:1      | Found a faded altar of an unknown god.
   134 | D:1      | Prayed at the altar of an unknown god.
   134 | D:1      | Became a worshipper of Xom the Capricious
   248 | D:1      | XOM: silly message
   382 | D:1      | Reached XP level 2. HP: 17/17 MP: 0/5
   541 | D:1      | XOM: silly message
   939 | D:1      | XOM: divination: magic mapping
  1577 | D:2      | Reached XP level 3. HP: 21/21 MP: 4/6
  1600 | D:2      | XOM: butterfly on damage
  1606 | D:2      | Learned a level 2 spell: Searing Ray
  1871 | D:2      | XOM: silly message
  1896 | D:2      | XOM: stat loss: -1 Int (21/22)
  2085 | D:2      | Noticed Sigmund
  2092 | D:2      | XOM: summons 3 friendly demons
  2107 | D:2      | Slain by Sigmund

Illustrated notes

Levels and vault maps discovered:
D:1:      heliophobic_arrival_ceremonial_halls, layout_basic,
          basic_ecumenical_altar, minmay_tree_intersection, eino_curves_01
D:2:      layout_rooms, serial_bayou_crossing, uniq_sigmund

Action                   || total
-------------------------++-------
Melee: Dagger            ||     6
       Constrict         ||     1
 Cast: Magic Dart        ||    65
       Searing Ray       ||     1
  Use: Scroll            ||     6
Armor: Skin              ||     2
Dodge: Dodged            ||     5
